 Dungeon Crawl Stone Soup version 0.15.0-12-gccce430 (webtiles) character file.

158 CrazyArbalest the Bolt Thrower (level 5, 29/37 HPs)
             Began as a Demonspawn Hunter on Sept 1, 2014.
             Was an Initiate of Okawaru.
             Quit the game on Level 4 of the Dungeon.
             The game lasted 00:09:33 (1964 turns).

CrazyArbalest the Bolt Thrower (Demonspawn Hunter)  Turns: 1964, Time: 00:09:33

HP  29/37        AC 16     Str 12      XL: 5   Next: 16%
MP   5/5         EV  9     Int 17      God: Okawaru [......]
Gold 68          SH  0     Dex 14      Spells:  0 memorised,  4 levels left

rFire  . . .     SeeInvis .     a - +2 mace (protect)
rCold  . . .     Clarity  .     v - +0 ring mail
rNeg   . . .     rCorr    .     (no shield)
rPois  .         rRot     .     (no helmet)
rElec  .         Spirit   .     z - +1 cloak
SustAb .         Warding  .     (no gloves)
rMut   .         Stasis   .     (no boots)
Gourm  .                        (no amulet)
MR     .....                    m - cursed ring of loudness
                                p - +4 ring of intelligence

@: mildly poisoned, not resistant to hostile enchantments, extremely unstealthy
A: talons 2, iridescent scales 1, spiny 1
a: Renounce Religion


You were on level 4 of the Dungeon.
You worshipped Okawaru.
Okawaru was noncommittal.
You were not hungry.

You visited 1 branch of the dungeon, and saw 4 of its levels.

You collected 68 gold pieces.

Inventory:

Hand weapons
 a - a +2 mace of protection (weapon)
 b - a +1 hand crossbow
 n - a +0 mace
 u - a +0 flail
 x - a +0 flail
 y - a +0 whip
 C - a +0 short sword
Missiles
 c - 12 bolts
Armour
 d - a +0 leather armour
 v - a +0 ring mail (worn)
 z - a +1 cloak (worn)
Comestibles
 f - 2 bread rations
 g - 2 beef jerkies
 h - 2 slices of pizza
 w - 5 fruits
 D - a chunk of bat flesh
Scrolls
 e - 3 scrolls of remove curse {unknown}
 j - a scroll of enchant armour {unknown}
 o - 3 scrolls of identify {unknown}
 q - a scroll of teleportation {unknown}
 t - a scroll of amnesia {unknown}
 A - a scroll of fog {unknown}
 B - a scroll of noise {unknown}
Jewellery
 l - an uncursed ring of flight
 m - a cursed ring of loudness (right hand)
 p - a +4 ring of intelligence (left hand)
Potions
 i - a potion of haste {unknown}
 k - a potion of cancellation {unknown}
 r - 6 potions of curing {unknown}
 s - a potion of restore abilities {unknown}


   Skills:
 + Level 1.3 Fighting
 * Level 1.3 Maces & Flails
 * Level 4.8 Crossbows
 + Level 1.5 Armour
 + Level 2.4 Dodging
 + Level 0.8 Stealth


You had 4 spell levels left.
You didn't know any spells.

Dungeon Overview and Level Annotations

Branches:
Dungeon (4/15)
 Temple: D:4-7

Altars:
Cheibriados
Okawaru

Annotations:
D:4 dibs' ghost, average MiFi


Innate Abilities, Weirdness & Mutations

You have razor-sharp toenails.
You are partially covered in iridescent scales (AC +4).
You are partially covered in sharp spines.


Message History

You feel sick.
The worker ant bites you but does no damage.
You hit the worker ant. Your kick misses the worker ant.
The worker ant is severely wounded.
You feel sick.
The worker ant bites you but does no damage. x2
You sock the worker ant!
You kill the worker ant!
Okawaru accepts your kill.
You have reached level 5!
Your demonic ancestry asserts itself...
Sharp spines emerge from parts of your body.
You feel sick.
You see here a worker ant corpse.
Are you sure you want to abandon this character and quit the game? (Confirm with "yes".)
Okay, then.
Unknown command.
Unknown command.
Unknown command.
Are you sure you want to abandon this character and quit the game? (Confirm with "yes".)

#..........(...#
##.##..#.......#
# ##.###.#####
.# #.# .#
.....###.###.#
#.........#
#.###.##### #.#
#@# #.# #.# ...
#.# ..# ###


There were no monsters in sight!

Vanquished Creatures
  An orc wizard (D:3)
  A worker ant (D:4)
  2 adders
  4 gnolls (D:3)
  4 giant geckos
  4 orcs (D:3)
  2 ball pythons
  4 bats
  A giant cockroach (D:2)
  6 hobgoblins
  A quokka (D:3)
  5 giant newts
  4 goblins
  5 jackals (D:1)
  2 kobolds (D:2)
  2 rats
48 creatures vanquished.

Notes
Turn   | Place    | Note
--------------------------------------------------------------
     0 | D:1      | CrazyArbalest, the Demonspawn Hunter, began the quest for the Orb.
     0 | D:1      | Reached XP level 1. HP: 15/15 MP: 1/1
   136 | D:1      | Reached skill level 4 in Crossbows
   138 | D:1      | Gained mutation: You are partially covered in iridescent scales (AC +4). [demonic ancestry]
   138 | D:1      | Reached XP level 2. HP: 11/21 MP: 2/2
   601 | D:2      | Found an iron altar of Okawaru.
   605 | D:2      | Became a worshipper of Warmaster Okawaru
  1172 | D:3      | Gained mutation: You have sharp toenails. [demonic ancestry]
  1172 | D:3      | Reached XP level 3. HP: 26/26 MP: 3/3
  1343 | D:3      | Gained mutation: You have razor-sharp toenails. [demonic ancestry]
  1343 | D:3      | Reached XP level 4. HP: 19/32 MP: 4/4
  1437 | D:3      | Reached skill level 1 in Armour
  1438 | D:3      | Reached skill level 1 in Maces & Flails
  1460 | D:3      | Found a snail-covered altar of Cheibriados.
  1906 | D:4      | Noticed dibs' ghost (average MiFi)
  1962 | D:4      | Gained mutation: You are partially covered in sharp spines. [demonic ancestry]
  1962 | D:4      | Reached XP level 5. HP: 30/37 MP: 5/5
  1964 | D:4      | Quit the game

Action                   |  1- 3 |  4- 6 || total
-------------------------+-------+-------++-------
Melee: Mace              |    67 |    25 ||    92
 Fire: Hand crossbow     |    28 |    16 ||    44
  Eat: Chunk             |     1 |     2 ||     3
